 Dungeon Crawl Stone Soup version 0.27-a0-686-gaed091b46b (webtiles) character file.

Game seed: 2609387517574179440

2 jasper the Sneak (level 1, -2/18 HPs)
             Began as a Demonspawn Delver on Mar 21, 2021.
             Slain by a goblin
             ... wielding a +0 club
              (6 damage)
             ... on level 2 of the Dungeon.
             The game lasted 00:00:37 (156 turns).

jasper the Sneak (Demonspawn Delver)                 Turns: 156, Time: 00:00:38

Health: -2/18      AC:  3    Str: 12    XL:     1   Next: 33%
Magic:  1/1        EV: 11    Int: 11    God:
Gold:   0          SH:  0    Dex: 14    Spells: 0/0 levels left

rFire    . . .     SeeInvis .   a - +0 hand axe
rCold    . . .     Faith    .   (no shield)
rNeg     . . .     Spirit   .   b - +0 leather armour
rPois    .         Reflect  .   (no helmet)
rElec    .         Harm     .   (no cloak)
rCorr    .         Rampage  .   (no gloves)
Will     .....                  (no boots)
Stlth    ++........             (no amulet)
HPRegen  0.06/turn              (no ring)
MPRegen  0.07/turn              (no ring)

@: no status effects
A: no striking features
a: no special abilities


You were on level 2 of the Dungeon.
You visited 1 branch of the dungeon, and saw 4 of its levels.

Inventory:

Hand Weapons
 a - a +0 hand axe (weapon)
Missiles
 i - 4 silver javelins (quivered)
Armour
 b - a +0 leather armour (worn)
Wands
 g - a wand of digging (3)
 h - a wand of iceblast (5)
Scrolls
 c - 2 scrolls of fog
 d - a scroll of magic mapping
 e - a scroll of fear
 j - a scroll of teleportation
Potions
 f - a potion of haste


   Skills:
 - Level 3.0 Fighting
 + Level 2.0 Axes
 - Level 1.7 Dodging
 - Level 4.5 Stealth


You couldn't memorise any spells.
You didn't know any spells.
Your spell library was empty.

Dungeon Overview and Level Annotations

Branches:
Dungeon (5/15)
 Temple: D:4-7

Altars:
Dithmenos


Message History

There is a stone staircase leading down here.
The kobold shouts!
A rat comes into view.
You hit the kobold.
You kill the kobold!
You see here a +0 dagger.
You closely miss the rat. The rat closely misses you.
You hit the rat.
You kill the rat!
You see here a +0 dagger.
There is a stone staircase leading down here.
Found 14 gold pieces.
Found 8 gold pieces.
A rat comes into view.
A goblin comes into view. It is wielding a +0 club.
The goblin shouts!
A giant cockroach comes into view.
You see here a scroll of teleportation.
j - a scroll of teleportation
There is a stone staircase leading down here.
You see here a +0 dagger.
You hit the giant cockroach.
You kill the giant cockroach!
Your Axes skill increases to level 2!
The goblin completely misses you.
You closely miss the goblin. The goblin hits you with a +0 club.
You take 5 damage, and have 13/18 hp.
MASSIVE DAMAGE!!
You hit the goblin.
The goblin is heavily wounded.
The goblin hits you with a +0 club. x2
You take 7 damage, and have 6/18 hp.
MASSIVE DAMAGE!!
You closely miss the goblin.
The goblin is heavily wounded.
The goblin hits you with a +0 club.
* * * LOW HITPOINT WARNING * * *
You take 2 damage, and have 4/18 hp.
You barely miss the goblin.
The goblin is heavily wounded.
The goblin hits you with a +0 club.
You die...

###### #########
.....# ####........
.....######....#######
............####
..........>...########
.....########..g@....#
.....# ########.....
...... ### .......
.....### .....# .....#


You could see a goblin.

Vanquished Creatures
  A giant cockroach (D:2)
  A kobold (D:2)
  A rat (D:2)
3 creatures vanquished.

Vanquished Creatures (others)
  6 fungi (D:4)
6 creatures vanquished.

Grand Total: 9 creatures vanquished

Notes
Turn   | Place    | Note
-------+----------+-------------------------------------------
     0 | D:5      | jasper the Demonspawn Delver began the quest for the Orb.
     0 | D:5      | Reached XP level 1. HP: 18/18 MP: 1/1
    16 | D:5      | Found a shadowy altar of Dithmenos.
    44 | D:4      | Noticed a hound
   156 | D:2      | Slain by a goblin

Illustrated notes

Levels and vault maps discovered:
D:2:      layout_rooms, st_stairs_11, uniq_natasha
D:3:      layout_loops_ring
D:4:      layout_basic, minmay_temple_entry_waves, serial_aquarium,
          aquarium_bridge_square [aquarium_subvault_wall,
          aquarium_subvault_wall, aquarium_subvault_bridge,
          aquarium_subvault_wall], aquarium_bridge_square
          [aquarium_subvault_window, aquarium_subvault_balcony,
          aquarium_subvault_bridge, aquarium_subvault_bridge],
          aquarium_window_1, aquarium_window_fake, aquarium_view_2a,
          tgw_kikubaaqudgha
D:5:      layout_rooms, nicolae_dithmenos_shadow_blocks, basic_altar,
          serial_shops, shop_statue

Skill      XL: |  1 |
---------------+----+-----
Axes           | 2 |  2.0
Fighting       | |  3.0
Dodging        | |  1.7
Stealth        | |  4.5

Action                   || total
-------------------------++-------
Melee: Hand axe          ||     8
  Use: Scroll            ||     1
Dodge: Dodged            ||     2

Table legend: (Time is in decaauts)
 A = Elapsed time spent in this place.
 B = Non-inter-level travel time spent in this place.
 C = Inter-level travel time spent in this place.
 D = Time resting spent in this place.
 E = Time spent auto-exploring this place.
 F = Levels seen in this place.
 G = Mean time per level.
                   A        B        C        D        E       F      G
               +--------+--------+--------+--------+--------+-----+--------+
         Total |    156 |    149 |      7 |      0 |     49 |   4 |   39.0 |
       Dungeon |    156 |    149 |      7 |      0 |     49 |   4 |   39.0 |
               +--------+--------+--------+--------+--------+-----+--------+

Top non-repeatable levels by time:
     D:2: 68 daAuts
     D:5: 42 daAuts
     D:4: 33 daAuts
     D:3: 12 daAuts
